AoeStats
← Can

Marketplace

504922165Analyzed
1v1 RM · 26d ago on Sep 7, 2026· 52m 14s· 2 players
Game mode
Random Map
Map size
Tiny (2 player)
Population
200
Speed
Normal
Resources
Standard
Victory
Conquest
Starting age
Dark Age
Ending age
Imperial Age
RankedLock teamsTeams togetherTeam positionsShared explorationLock speedFull tech treeHidden civsTurbo modeCheats
Victory
Defeat
🇺🇸 Britons · United States
526
+13
🇲🇽 Poles · Mexico
464
-13
Can
10:29 Loom
15:42 Feudal Age
16:46 Horse Collar
16:55 Double-Bit Axe
19:13 Gold Mining
19:42 Forging
21:29 Scale Barding Armor
21:44 Bloodlines
23:31 Stone Mining
24:35 Wheelbarrow
26:27 Castle Age
27:24 Fletching
28:09 Iron Casting
27:56 Chain Barding Armor
28:14 Treadmill Crane
28:55 Ballistics
29:57 Szlachta Privileges
30:03 Heavy Plow
30:40 Bow Saw
32:42 Wheelbarrow
33:41 Bodkin Arrow
34:42 Murder Holes
38:09 Stone Shaft Mining
40:14 Elite Skirmisher
41:16 Thumb Ring
42:02 Hand Cart
42:11 Husbandry
42:40 Caravan
42:47 Light Cavalry
43:23 Crossbowman
47:32 Imperial Age
46:59 Padded Archer Armor
46:59 Scale Mail Armor
49:14 Chemistry
48:21 Siege Engineers
48:25 Cavalier
48:26 Winged Hussar
51:02 Blast Furnace
51:17 Town Watch
52:08 Leather Archer Armor
51:54 Bracer
lexi.r.d
11:29 Feudal Age
20:58 Castle Age
26:11 Caravan
35:14 Fletching
35:25 Padded Archer Armor
38:25 Imperial Age
37:53 Bodkin Arrow
38:14 Leather Archer Armor
39:03 Yeomen
40:06 Squires
41:15 Elite Longbowman
41:35 Man-at-Arms
43:54 Ballistics
43:33 Long Swordsman
45:38 Ring Archer Armor
45:50 Bracer
47:02 Chemistry
46:12 Two-Handed Swordsman
47:07 Forging
46:57 Scale Mail Armor
48:37 Champion
52:24 Warwolf
Connection lost

Rejoining the realm…

Still unreachable

The connection could not be restored.

Session expired

The server has moved on; the page needs a fresh start.